Map: Cosmic Sapphire

Players

Geralt (Gerald)

  • Race: Protoss Protoss
  • League: Grandmaster
  • Spawn Location: 5:00

goblin - Winner!

  • Race: Protoss Protoss
  • League: Master
  • Spawn Location: 11:00

VOD

Have the link to the VOD?

Description

Time

  • Played on: July 29, 2022, 6:05 p.m.
  • Length: 14:37
Show
View Real Time Build Order
Export as new Build Order

Geralt Protoss 

Build Orders:  

Get SALT Encoding   

  12  0:00  Probe  
  13  0:12  Probe  
  14  0:17  Pylon  
  14  0:24  Probe (Chrono Boost)  
  15  0:36  Probe (Chrono Boost)  
  15  0:38  Gateway  
  16  0:44  Probe (Chrono Boost)  
  16  0:46  Assimilator  
  17  0:50  Probe  
  18  1:01  Assimilator  
  18  1:03  Probe (Chrono Boost)  
  19  1:08  Gateway  
  19  1:14  Probe (Chrono Boost)  
  20  1:21  Probe  
  21  1:26  Cybernetics Core  
  21  1:33  Probe  
  21  1:38  Pylon  
  22  1:45  Probe  
  23  1:53  Pylon  
  23  1:57  Probe  
  24  2:04  Stalker  
  24  2:05  Stalker  
  24  2:06  Warp Gate (Chrono Boost)  
  28  2:09  Pylon  
  28  2:13  Probe  
  29  2:23  Pylon  
  29  2:28  Pylon  
  29  2:34  Probe  
  30  2:40  Stalker  
  30  2:42  Stalker  
  34  2:54  Shield Battery  
  34  2:57  Probe  
  34  3:10  Nexus  
  34  3:18  Shield Battery  
  34  3:22  Probe  
  35  3:34  Twilight Council, Probe  
  36  3:45  Pylon  
  36  3:46  Probe  
  37  3:49  Stalker  
  39  4:02  Pylon  
  39  4:03  Probe  
  40  4:12  Stalker  
  40  4:15  Blink (Chrono Boost), Probe  
  43  4:21  Dark Shrine  
  43  4:23  Probe  
  42  4:38  Probe  
  42  4:39  Probe  
  44  4:45  Gateway  
  44  4:50  Probe  
  44  4:51  Probe  
  46  4:59  Shield Battery  
  46  5:03  Probe x2  
  46  5:04  Robotics Facility  
  48  5:15  Probe  
  48  5:16  Probe  
  50  5:27  Nexus, Probe  
  51  5:29  Probe  
  51  5:32  Pylon  
  52  5:39  Probe, Dark Templar  
  52  5:41  Dark Templar  
  57  5:46  Stalker  
  59  5:50  Assimilator  
  59  5:51  Probe  
  59  5:53  Observer (Chrono Boost)  
  59  5:56  Probe  
  62  5:58  Forge  
  62  6:11  Stalker  
  64  6:12  Stalker  
  64  6:15  Dark Templar  
  68  6:18  Probe  
  68  6:20  Shield Battery  
  68  6:23  Probe  
  70  6:31  Probe  
  69  6:36  Probe  
  70  6:43  Probe  
  69  6:48  Probe  
  69  6:49  Protoss Ground Weapons Level 1 (Chrono Boost)  
  70  6:54  Gateway  
  70  6:55  Gateway, Probe x2 (Chrono Boost)  
  70  6:58  Stalker x3  
  70  7:01  Probe (Chrono Boost)  
  77  7:07  Probe (Chrono Boost)  
  79  7:12  Immortal, Probe x2 (Chrono Boost)  
  79  7:15  Probe (Chrono Boost)  
  85  7:17  Probe (Chrono Boost)  
  85  7:18  Pylon  
  85  7:19  Probe (Chrono Boost)  
  85  7:22  Stalker x2  
  91  7:23  Probe  
  91  7:27  Assimilator  
  92  7:32  Observer  
  92  7:33  Pylon x2  
  92  7:38  Gateway  
  92  7:39  Pylon  
  92  7:47  Gateway  
  92  7:48  Stalker x2  
  92  7:49  Pylon  
  96  7:53  Pylon  
  96  8:00  Nexus  
  95  8:07  Stalker  
  95  8:08  Stalker x2  
  101  8:12  Stalker  
  101  8:13  Stalker  
  103  8:31  Stalker x3  
  109  8:36  Stalker  
  109  8:37  Stalker x2, Shield Battery  
  109  8:39  Pylon x2  
  115  8:44  Protoss Ground Weapons Level 2 (Chrono Boost)  
  112  8:50  Stalker  
  112  8:54  Stalker  
  114  9:04  Shield Battery  
  114  9:05  Stalker x2  
  114  9:09  Stalker  
  118  9:12  Observer  
  118  9:21  Stalker x2  
  118  9:25  Stalker  
  118  9:26  Probe  
  118  9:27  Probe x3  
  124  9:36  Stalker x3  
  130  9:38  Probe  
  130  9:41  Probe (Chrono Boost)  
  130  9:42  Photon Cannon  
  132  9:49  Stalker x2  
  132  9:51  Probe (Chrono Boost)  
  139  9:54  Assimilator  
  139  9:56  Observer, Pylon, Probe x2 (Chrono Boost)  
  140  10:04  Stalker  
  140  10:05  Stalker  
  144  10:14  Probe  
  143  10:22  Stalker x4  
  143  10:27  Pylon, Charge (Chrono Boost)  
  151  10:29  Pylon  
  151  10:33  Pylon  
  151  10:37  Stalker, Gateway  
  151  10:38  Stalker  
  151  10:39  Gateway  
  151  10:41  Pylon  
  155  10:47  Pylon  
  155  10:49  Stalker x2  
  159  10:50  Pylon  
  159  10:52  Photon Cannon  
  159  11:04  Stalker x4  
  165  11:08  Shield Battery, Probe  
  165  11:10  Protoss Ground Weapons Level 3 (Chrono Boost)  
  168  11:21  Zealot x2  
  172  11:25  Photon Cannon  
  172  11:26  Pylon  
  172  11:27  Gateway, Zealot  
  172  11:28  Zealot x2  
  178  11:33  Pylon  
  178  11:34  Stalker x2  
  178  11:35  Observer (Chrono Boost)  
  182  11:46  Stalker  
  162  11:58  Zealot  
  162  11:59  Zealot x5  
  162  12:01  Immortal  
  176  12:03  Pylon  
  170  12:11  Stalker  
  170  12:12  Stalker  
  134  12:25  Zealot x7  
  136  12:32  Immortal  
  136  12:36  Stalker  
  136  12:37  Stalker  
  96  12:45  Stalker x2  
  96  12:46  Stalker x5  
  106  12:54  Photon Cannon  
  106  13:00  Photon Cannon  
  106  13:02  Robotics Bay, Sentry x2  
  110  13:07  Probe  
  110  13:08  Stalker  
  110  13:09  Stalker x3  
  118  13:18  Probe  
  113  13:20  Stalker x2  
  113  13:21  Stalker, Shield Battery  
  113  13:23  Pylon  
  113  13:27  Assimilator  
  119  13:28  Observer (Chrono Boost)  
  118  13:36  Stalker x2  
  118  13:38  Nexus  
  122  13:44  Zealot x4  
  104  13:59  Nexus  
  104  14:00  Disruptor  
  103  14:07  Zealot x4  
  92  14:17  Zealot x2  
  92  14:21  Zealot x3  
  67  14:33  Stalker x3  
  67  14:34  Stalker  
Show
View Real Time Build Order
Export as new Build Order

goblin Protoss - Winner!

Build Orders: Oracle Opening 

Get SALT Encoding   

  12  0:00  Probe  
  13  0:12  Probe  
  14  0:19  Pylon  
  14  0:24  Probe  
  15  0:37  Probe (Chrono Boost)  
  15  0:38  Gateway  
  16  0:46  Probe (Chrono Boost), Assimilator  
  17  0:51  Probe  
  18  1:03  Probe  
  19  1:17  Probe (Chrono Boost), Assimilator  
  19  1:18  Pylon  
  20  1:25  Cybernetics Core  
  20  1:27  Probe (Chrono Boost)  
  20  1:28  Zealot  
  23  1:34  Probe  
  24  1:46  Probe  
  25  1:58  Probe  
  26  2:03  Adept (Chrono Boost)  
  26  2:04  Stargate  
  28  2:10  Pylon  
  28  2:11  Probe  
  29  2:20  Warp Gate  
  29  2:23  Probe  
  29  2:29  Stalker  
  32  2:36  Probe  
  33  2:48  Probe  
  34  2:53  Oracle  
  37  3:02  Nexus  
  37  3:10  Shield Battery  
  37  3:15  Stalker  
  39  3:26  Shield Battery  
  39  3:31  Probe  
  38  3:38  Twilight Council  
  38  3:43  Probe  
  38  3:47  Pylon  
  39  3:55  Gateway  
  39  3:58  Gateway  
  39  4:05  Probe (Chrono Boost)  
  40  4:13  Blink (Chrono Boost)  
  40  4:16  Probe (Chrono Boost)  
  42  4:17  Probe (Chrono Boost)  
  42  4:24  Probe x2 (Chrono Boost)  
  44  4:27  Stalker  
  44  4:29  Probe (Chrono Boost)  
  47  4:38  Probe  
  48  4:41  Probe  
  49  4:50  Probe  
  49  4:51  Stalker x2  
  49  4:52  Stalker  
  56  4:53  Probe  
  57  5:01  Robotics Facility  
  57  5:02  Probe  
  58  5:07  Probe  
  59  5:14  Probe  
  59  5:20  Nexus  
  60  5:23  Pylon  
  60  5:28  Probe x2, Assimilator  
  62  5:42  Stalker  
  62  5:43  Stalker x2  
  62  5:48  Observer (Chrono Boost)  
  69  5:50  Forge  
  69  5:54  Pylon  
  70  6:00  Pylon  
  70  6:01  Observer (Chrono Boost)  
  70  6:12  Stalker x3, Probe x2  
  70  6:18  Gateway  
  78  6:20  Gateway  
  78  6:22  Gateway  
  78  6:24  Probe x2  
  78  6:41  Stalker  
  78  6:42  Stalker x2  
  78  6:44  Protoss Ground Weapons Level 1 (Chrono Boost)  
  78  6:45  Probe x3 (Chrono Boost)  
  87  6:48  Pylon  
  87  6:51  Charge  
  87  6:56  Probe x3 (Chrono Boost)  
  89  7:01  Probe x2 (Chrono Boost)  
  89  7:02  Probe (Chrono Boost)  
  89  7:06  Warp Prism  
  89  7:07  Pylon  
  94  7:11  Probe  
  96  7:20  Observer, Stalker x2  
  100  7:25  Pylon  
  100  7:27  Stalker x3  
  100  7:29  Stalker  
  106  7:32  Photon Cannon  
  106  7:35  Pylon  
  106  7:51  Assimilator  
  106  7:53  Stalker x4, Pylon  
  106  7:54  Stalker  
  116  8:08  Stalker  
  118  8:23  Nexus  
  118  8:25  Pylon  
  118  8:26  Stalker  
  116  8:27  Stalker x4  
  116  8:31  Stalker  
  127  8:34  Probe x3  
  127  8:38  Pylon, Protoss Ground Weapons Level 2 (Chrono Boost)  
  127  8:40  Gateway  
  129  8:46  Probe  
  130  8:54  Stalker x5  
  140  8:59  Photon Cannon  
  140  9:01  Stalker x3, Pylon  
  136  9:03  Gateway  
  134  9:13  Stalker x2  
  134  9:14  Stalker  
  134  9:16  Probe x2  
  140  9:25  Stalker x2  
  140  9:29  Probe x2  
  140  9:30  Assimilator  
  146  9:32  Stalker  
  146  9:33  Observer, Shield Battery  
  146  9:35  Gateway  
  148  9:48  Stalker  
  148  9:49  Stalker x3  
  148  9:50  Stalker, Zealot  
  160  9:58  Observer (Chrono Boost)  
  159  10:07  Probe x2  
  159  10:08  Probe  
  162  10:14  Gateway  
  162  10:15  Observer (Chrono Boost), Pylon  
  162  10:16  Gateway  
  163  10:25  Zealot x4  
  163  10:27  Pylon  
  171  10:28  Pylon  
  171  10:40  Protoss Ground Weapons Level 3 (Chrono Boost)  
  171  10:43  Nexus  
  171  10:44  Photon Cannon  
  171  10:47  Photon Cannon  
  171  10:49  Pylon  
  171  10:56  Probe x2  
  173  10:58  Probe  
  173  10:59  Robotics Bay  
  173  11:01  Observer, Stalker x5  
  173  11:02  Zealot  
  173  11:03  Zealot x3  
  192  11:11  Probe  
  192  11:12  Probe  
  192  11:25  Zealot x4  
  200  11:27  Shield Battery  
  200  11:31  Shield Battery  
  200  11:33  Photon Cannon  
  188  11:47  Probe x3  
  188  11:48  Probe  
  188  11:53  Stalker x8  
  200  11:56  Gravitic Boosters  
  200  11:57  Dark Shrine  
  196  12:03  Stalker x2  
  193  12:13  Observer, Stalker  
  174  12:19  Zealot x8  
  184  12:28  Stalker x2  
  172  12:34  Probe x4  
  160  12:38  Stalker, Gateway  
  160  12:39  Gateway  
  148  12:51  Stalker x10  
  168  13:05  Stalker, Pylon  
  170  13:06  Assimilator  
  170  13:07  Assimilator  
  162  13:20  Zealot x10  
  180  13:34  Nexus  
  180  13:38  Pylon  
  180  13:40  Dark Templar  
  182  13:41  Probe x2  
  182  13:42  Probe x2  
  172  13:55  Stalker x6  
  156  13:56  Stalker x4  
  156  14:00  Probe x3  
  156  14:01  Probe  
  170  14:13  Gateway  
  166  14:20  Zealot  
  166  14:21  Zealot x9  
  178  14:33  Photon Cannon  
  178  14:35  Pylon  
Tags
 
Add a new tag
Caveats
  • Supply blocks, unpowered buildings, or Contaminate may cause inaccurate times.
  • Supply counts are checked every 10 seconds.